 Dungeon Sprint DCSS version 0.30.1-4-g462c640d31 (webtiles) character file.

Game seed: 10801257462752927572

18217 Heoruswealwe the Wrestler (level 12, -10/123 HPs)
             Began as a Troll Berserker on Sept 9, 2023.
             Was the Champion of Trog.
             Killed from afar by a fire giant (34 damage)
             ... with a fireball
             ... in the Dungeon (Sprint I: "Red Sonja").
             The game lasted 00:43:57 (2053 turns).

Heoruswealwe the Wrestler (Troll Berserker)         Turns: 2053, Time: 00:43:58

Health: -10/123    AC: 12    Str: 36    XL:     12   Next: 25%
Magic:  0/22       EV:  8    Int:  2    God:    Trog [******]
Gold:   268        SH:  0    Dex:  8    Spells: 11/11 levels left

rFire   . .          .
                       - Unarmed
rCold   . . .        (no shield)
rNeg    + . .        b - +0 pearl dragon scales
rPois   +            d - +2 hat of the Bear Spirit {Spirit, Bear, *Rage Will++}
rElec   .            e - +2 cloak {rPois}
rCorr   .            (gloves unavailable)
SInv    +            (boots unavailable)
Will    ++...        (no amulet) Stlth
                     h - ring of see invisible
HPRegen 1.20/turn    (no ring)
MPRegen 0.18/turn

%: no teleportation, random rage (20%), guardian spirit
@: on berserk cooldown, slowed, unable to drink, very slow
A: large, unfitting armour, claws 3, regeneration 1, shaggy fur 1, tough skin 1,
deformed body, frail 1, strong 1, inability to drink after injury 1
a: Renounce Religion, Berserk, Trog's Hand, Brothers in Arms


You were in the Dungeon.
You worshipped Trog.
Trog was exalted by your worship.
You visited 1 branch You collected 2544 gold pieces.
You spent 2276 gold pieces at shops.

Inventory:

Hand Weapons
 a - a +1 bardiche of flaming
Armour
 b - +0 pearl dragon scales (worn)
 d - the +2 hat of the Bear Spirit (worn) {Spirit, Bear, *Rage Will++}
   (You bought it in a shop in the Dungeon)

   Bear:      Going berserk makes the wearer exceptionally tough, and they are
   slowed for a shorter time afterward.
   *Rage:     It berserks you when you make melee attacks (+20% chance).
   Will:      It greatly increases your willpower.
 e - a +2 cloak of poison resistance (worn)
Jewellery
 h - a ring of see invisible (left claw)
Wands
 f - a wand of charming (3)
 n - a wand of iceblast (16)
Scrolls
 g - a scroll of blinking
 k - a scroll of enchant weapon
 m - a scroll of brand weapon
Potions
 c - 8 potions of curing
 i - 3 potions of heal wounds
 j - 2 potions of might
 l - a potion of invisibility
 o - a potion of berserk rage
 r - a potion of resistance


   Skills:
 + Level 13.9 Fighting
 - Level 2.4 Dodging
 * Level 22.1 Unarmed Combat
 + Level 14.8 Invocations


You had 11 spell levels left.
You didn't know any spells.
Your spell library was empty.

Dungeon Overview and Level Annotations

Branches:
Dungeon (1/1)

Altars:
Cheibriados
Dithmenos
Elyvilon
Fedhas
Gozag
Hepliaklqana
Kikubaaqudgha
Makhleb
Nemelex Xobeh
Okawaru
Qazlal
Ru
Sif Muna
Trog
Uskayaw
Vehumet
Wu Jian
Xom
Yredelemnul
Zin
The Shining One
Jiyva
Lugonu

Shops:
D ?*[!*[***(!(([=[*(?[*


Innate Abilities, Weirdness & Mutations

You are too large for most types of armour.
You have claws for hands.
Your natural rate of healing is unusually fast.
You are covered in fur. (AC +1)
You have tough skin. (AC +1)
Armour fits poorly on your strangely shaped body.
You are frail. (-10% HP)
Your muscles are strong. (Str +4, Int/Dex -1)
You occasionally lose the ability to drink potions when taking damage.


Message History

Trog grants you a weapon! Something appears at your feet!
You see here a +1 flail of flaming.
Your Unarmed Combat skill increases to level 22!
p - a +1 flail of flaming;
q - a +0 great sword of flaming You feel a strong urge to attack something.
You drop a +1 flail of flaming.
You feel your anger nearly subside.
You are no longer berserk.
You are exhausted.
You feel yourself slow down.
Things that are here:
a +1 great sword of flaming; a +0 great sword of flaming You drop a +0 great sword of flaming.
A fire giant comes into view.
It is wielding a +2 great sword of flaming.
There is an open door, spattered with blood here.
The fire giant hits you with a +2 great sword of flaming!!
The fire giant burns you.
The fire giant hits you with a +2 great sword of flaming!
The fire giant burns you.
There is an open door, spattered with blood here.
You barely miss the fire giant. You claw the fire giant!!
The fire giant is moderately wounded.
The fire giant barely misses you.
You claw the fire giant! Your claw misses the fire giant.
The fire giant is moderately wounded.
The fire giant casts a spell at you.
The fireball explodes!
The fireball engulfs you!!!
* * * LOW HITPOINT WARNING * * *
The fireball engulfs the fire giant.
The fire giant resists.
You feel much better.
The fire giant hits you with a +2 great sword of flaming!
* * * LOW HITPOINT WARNING * * *
The fire giant burns you!
* * * LOW HITPOINT WARNING * * *
Okay, then.
You claw the fire giant!
The fire giant is heavily wounded.
The fire giant casts a spell at you.
The fireball explodes!
The fireball engulfs you!!!
You feel threatened and lose the ability to drink potions!
You die...

#.☼..°+.....##.#A#.#,,~,,*,****+*
###.°○#.....#..###.#,,~,**+*,,,,*
+.#°○.###++##)##...#,,~**,,,,,,,,
#§#○°###..###..#+###,,~*,,,,,,,,,
#.#..####..###...#,~,,**,,,,,,,,,
#.##'#..#).#.###.#,~,,*,,,,,,,,,,
#.##?#.°.......#.#**,,*,,,,,,,,,,
+§####.........#.#,+,,**,,,,,,,,,
#§#?['......####@#,**+**,,,,,,,,,
#§#####...###..C)#,*~~~**,,,,,,,,
+.#,,,#####...####,*~~~~**,,,,,,*
###,,.......###,^,,*~~~~~********
*,,,,C.C####*^,,^****~~~~*~~~~~*,
*,,,,.,**,,,,,,,,*,,*+~~~+~~,~~+,
*,,,,,**,,^^,,,,,*,,,**~~*~~~~~*~
*,,,,,*,,,^,,,,,,*,,,,******+****
***********,,,,,^*,,,,*~~~~~~~~~~


You could see a fire giant.

Vanquished Creatures
  3 fire giants (D)
  A lorocyproca (D)
  A hydra (D)
  2 centaur warriors (D)
  Sonja (D)
  A deep troll (D)
  A lindwurm (D)
  An oklob plant (D)
  A shining eye (D)
  A gargoyle (D)
  4 demonic crawlers (D)
  2 kobold demonologists (D)
  7 unseen horrors (D)
  A hornet (D)
  A slime creature (D)
  Sigmund (D)
  13 hogs (D)
  A yak (D)
  2 redbacks (D)
  3 floating eyes (D)
  An ogre (D)
  7 necrophages (D)
  8 jellies (D)
  Ijyb (D)
  A ballistomycete spore (D)
66 creatures vanquished.

Vanquished Creatures (collateral kills)
  7 shining eyes (D)
  4 floating eyes (D)
11 creatures vanquished.

Vanquished Creatures (others)
  A ballistomycete spore (D)
1 creature vanquished.

Grand Total: 78 creatures vanquished

Notes
Turn   | Place    | Note
-------+----------+-------------------------------------------
     0 | D        | Heoruswealwe the Troll Berserker began the quest for the
                  | Orb.
     0 | D        | Reached XP level 1. HP: 22/22 MP: 0/0
     1 | D        | Noticed Ijyb
     8 | D        | Killed Ijyb
     9 | D        | Reached skill level 5 in Unarmed Combat
     9 | D        | Reached XP level 2. HP: 31/31 MP: 0/2
    13 | D        | Noticed an ogre
    17 | D        | Killed an ogre
    18 | D        | Reached skill level 7 in Unarmed Combat
    18 | D        | Reached XP level 3. HP: 11/40 MP: 0/4
    18 | D        | Reached XP level 4. HP: 14/49 MP: 0/5
    50 | D        | Noticed Sigmund
    59 | D        | Killed Sigmund
    59 | D        | Reached ** piety under Trog
    60 | D        | Reached skill level 5 in Fighting
    60 | D        | Reached skill level 9 in Unarmed Combat
    60 | D        | Reached skill level 5 in Invocations
    60 | D        | Reached XP level 5. HP: 55/59 MP: 4/8
    72 | D        | Found an ornate altar of the Wu Jian Council.
    72 | D        | Found a shimmering blue altar of Sif Muna.
    74 | D        | Found a radiant altar of Vehumet.
    78 | D        | Reached XP level 6. HP: 55/67 MP: 6/9
   103 | D        | Found Degedd's Distillery.
   103 | D        | Found an ancient bone altar of Kikubaaqudgha.
   103 | D        | Found a hazy altar of Hepliaklqana.
   103 | D        | Found a stormy altar of Qazlal.
   103 | D        | Found a hide-covered altar of Uskayaw.
   103 | D        | Found a blossoming altar of Fedhas.
   103 | D        | Found a bloodstained altar of Trog.
   103 | D        | Found an iron altar of Okawaru.
   103 | D        | Found a basalt altar of Yredelemnul.
   103 | D        | Found a glowing golden altar of the Shining One.
   103 | D        | Found a snail-covered altar of Cheibriados.
   103 | D        | Found a sacrificial altar of Ru.
   103 | D        | Found a glowing silver altar of Zin.
   103 | D        | Found a shadowy altar of Dithmenos.
   103 | D        | Found a white marble altar of Elyvilon.
   103 | D        | Noticed a yak
   106 | D        | Killed a yak
   107 | D        | Reached skill level 10 in Unarmed Combat
   107 | D        | Found an opulent altar of Gozag.
   108 | D        | Found a sparkling altar of Nemelex Xobeh.
   123 | D        | Found a burning altar of Makhleb.
   123 | D        | Found a viscous altar of Jiyva.
   123 | D        | Found a shimmering altar of Xom.
   123 | D        | Found a corrupted altar of Lugonu.
   123 | D        | Noticed a slime creature
   128 | D        | Killed a slime creature
   128 | D        | Reached *** piety under Trog
   129 | D        | Reached skill level 11 in Unarmed Combat
   129 | D        | Reached XP level 7. HP: 68/78 MP: 9/11
   151 | D        | Noticed a centaur warrior
   153 | D        | Noticed a centaur warrior
   172 | D        | Killed a centaur warrior
   173 | D        | Reached skill level 13 in Unarmed Combat
   173 | D        | Reached XP level 8. HP: 46/88 MP: 11/13
   178 | D        | Killed a centaur warrior
   179 | D        | Reached skill level 14 in Unarmed Combat
   250 | D        | Noticed a deep troll
   253 | D        | Killed a deep troll
   254 | D        | Reached XP level 9. HP: 98/98 MP: 13/15
   265 | D        | Found Curit's Armour Emporium.
   292 | D        | Reached **** piety under Trog
   293 | D        | Reached skill level 15 in Unarmed Combat
   338 | D        | Noticed an oklob plant
   347 | D        | Killed an oklob plant
   348 | D        | Reached skill level 10 in Invocations
   384 | D        | HP: 2/101 [redback (12)]
   473 | D        | Reached ***** piety under Trog
   474 | D        | Reached skill level 16 in Unarmed Combat
   478 | D        | Reached skill level 10 in Fighting
   488 | D        | Received a gift from Trog
   527 | D        | Received a gift from Trog
   544 | D        | Identified the +1 leather armour of Reason {rN+++ Int-4
                  | Dex+5}
   586 | D        | Found Attuot's Antique Weapon Boutique.
   586 | D        | Found Jufaju Ynke's General Store.
   586 | D        | Found Xajam's Magic Scroll Emporium.
   588 | D        | Found Diziup's Assorted Antiques.
   588 | D        | Found Arphaygong's Armour Shoppe.
   588 | D        | Found Xischye's Jewellery Shop.
   588 | D        | Found Famuehy's Antique Armour Emporium.
   588 | D        | Found Gupnez's Antique Weapon Boutique.
   588 | D        | Found Ydivuesch's Weapon Shoppe.
   588 | D        | Found Recrung's Distillery.
   592 | D        | Found Enuzad Zicy's Antique Weapon Emporium.
   593 | D        | Bought a scroll labelled NESAUM GIOPSANO for 28 gold pieces
   593 | D        | Bought a jade ring for 140 gold pieces
   593 | D        | Bought a scroll labelled FOYFAE IRCHOTHRE for 28 gold
                  | pieces
   593 | D        | Found Daysis's General Store.
   593 | D        | Found Cuzy's General Store.
   594 | D        | Found Jeilal's Assorted Antiques.
   596 | D        | Bought an embroidered robe for 85 gold pieces
   604 | D        | Bought a scroll labelled DYITEO RESURE for 25 gold pieces
   604 | D        | Bought a sapphire potion for 22 gold pieces
   604 | D        | Bought a scroll labelled VIMECK MOOLOMN for 25 gold pieces
   604 | D        | Bought a bubbling white potion for 22 gold pieces
   604 | D        | Bought a scroll labelled WACUMA OFUNT for 25 gold pieces
   613 | D        | Noticed an unseen horror
   613 | D        | Noticed an unseen horror
   625 | D        | Killed an unseen horror
   626 | D        | Reached XP level 10. HP: 92/111 MP: 17/17
   629 | D        | Reached skill level 17 in Unarmed Combat
   637 | D        | Bought a scroll of identify for 26 gold pieces
   661 | D        | Bought a scroll of identify for 26 gold pieces
   661 | D        | Bought a scroll of identify for 26 gold pieces
   661 | D        | Bought a scroll of identify for 26 gold pieces
   688 | D        | Bought a scroll of identify for 28 gold pieces
   757 | D        | Noticed Sonja
   760 | D        | Killed Sonja
   809 | D        | Found Vuojad's Magic Scroll Boutique.
   817 | D        | Bought a scroll of identify for 22 gold pieces
   817 | D        | Bought a scroll of identify for 22 gold pieces
   817 | D        | Bought a scroll of identify for 22 gold pieces
   827 | D        | Noticed a shining eye
   827 | D        | Noticed a shining eye
   827 | D        | Noticed a shining eye
   827 | D        | Gained mutation: You are frail. (-10% HP) [a shining eye]
   830 | D        | Noticed a shining eye
   832 | D        | Killed a shining eye
   832 | D        | Received a gift from Trog
   834 | D        | Killed a shining eye
   836 | D        | Killed a shining eye
   837 | D        | Reached skill level 18 in Unarmed Combat
   838 | D        | Killed a shining eye
   840 | D        | Noticed a shining eye
   841 | D        | Killed a shining eye
   845 | D        | Noticed a shining eye
   852 | D        | Killed a shining eye
   855 | D        | Noticed a shining eye
   855 | D        | Noticed a shining eye
   859 | D        | Gained mutation: Armour fits poorly on your strangely
                  | shaped body. [a shining eye]
   860 | D        | Gained mutation: You occasionally lose the ability to drink
                  | potions when taking damage. [a shining eye]
   862 | D        | Killed a shining eye
   862 | D        | Reached ****** piety under Trog
   862 | D        | Received a gift from Trog
   863 | D        | Reached XP level 11. HP: 110/110 MP: 19/19
   866 | D        | Gained mutation: Your muscles are strong. (Str +4, Int/Dex
                  | -1) [a shining eye]
   875 | D        | Killed a shining eye
   876 | D        | Reached skill level 19 in Unarmed Combat
   897 | D        | Found Vosoj Ceask's General Store.
   897 | D        | Found Avarghymp's Assorted Antiques.
   897 | D        | Found Velaimu's Armour Emporium.
   897 | D        | Found Ketwoch's Antique Armour Boutique.
   901 | D        | Bought the +2 hat of the Bear Spirit {Spirit, Bear, *Rage
                  | Will++} for 349 gold pieces
   901 | D        | Found the +2 hat of the Bear Spirit {Spirit, Bear, *Rage
                  | Will++}
   918 | D        | Bought a scroll labelled MARA JECOL for 24 gold pieces
   918 | D        | Bought a ruby potion for 21 gold pieces
   957 | D        | Noticed a sixfirhy
  1038 | D        | Received a gift from Trog
  1190 | D        | Noticed a lorocyproca
  1195 | D        | Killed a lorocyproca
  1196 | D        | Reached skill level 20 in Unarmed Combat
  1338 | D        | Noticed a lindwurm
  1343 | D        | Killed a lindwurm
  1343 | D        | Received a gift from Trog
  1417 | D        | Received a gift from Trog
  1470 | D        | Noticed a 12-headed hydra
  1471 | D        | Paralysed by a floating eye for 4 turns
  1475 | D        | Killed a 13-headed hydra
  1476 | D        | Reached skill level 21 in Unarmed Combat
  1581 | D        | Bought a potion of curing for 36 gold pieces
  1581 | D        | Bought a potion of curing for 36 gold pieces
  1581 | D        | Bought a potion of brilliance for 48 gold pieces
  1581 | D        | Bought a potion of heal wounds for 60 gold pieces
  1581 | D        | Bought a potion of might for 48 gold pieces
  1581 | D        | Bought a potion of might for 48 gold pieces
  1581 | D        | Bought a potion of curing for 36 gold pieces
  1615 | D        | Bought a scroll of fog for 44 gold pieces
  1633 | D        | Bought a potion of heal wounds for 50 gold pieces
  1633 | D        | Bought a potion of invisibility for 80 gold pieces
  1644 | D        | Bought a thin peridot amulet for 120 gold pieces
  1644 | D        | Bought 2 potions of heal wounds for 240 gold pieces
  1717 | D        | Bought 2 potions of curing for 78 gold pieces
  1719 | D        | Bought a scroll of brand weapon for 123 gold pieces
  1719 | D        | Bought a scroll of blinking for 97 gold pieces
  1720 | D        | Bought a potion of berserk rage for 140 gold pieces
  1806 | D        | Noticed a daeva
  1814 | D        | Received a gift from Trog
  1821 | D        | Reached XP level 12. HP: 112/122 MP: 9/21
  1958 | D        | Noticed a fire giant
  1972 | D        | Killed a fire giant
  2020 | D        | Noticed a fire giant
  2020 | D        | Noticed a fire giant
  2034 | D        | Killed a fire giant
  2038 | D        | Killed a fire giant
  2038 | D        | Received a gift from Trog
  2039 | D        | Reached skill level 22 in Unarmed Combat
  2043 | D        | Noticed a fire giant
  2053 | D        | Killed from afar by a fire giant

Illustrated notes

Levels and vault maps discovered:
D:        dungeon_sprint_1 [red_sonja_temple_1, red_sonja_temple_small_1]

Skill      XL: |  1  2  3  4  5  6  7  8  9 10 11 12 |
---------------+-------------------------------------+-----
Fighting       | 3 4 5 7 8 9 10 11 13 | 13.9
Unarmed Combat | 5 7 9 11 13 14 16 18 21 22 | 22.1
Invocations    | 2 3 5 7 8 9 10 12 14 | 14.8
Dodging        | |  2.4

Action                     |  1- 3 |  4- 6 |  7- 9 | 10-12 || total
---------------------------+-------+-------+-------+-------++-------
  Melee: Unarmed           |     9 |    13 |    73 |   104 ||   199
         Punch             |       |     1 |     6 |     9 ||    16
 Invoke: Brothers in Arms  |       |       |       |     1 ||     1
         Berserk           |       |       |       |     4 ||     4
  Evoke: Wand              |       |       |     1 |       ||     1
    Use: Potion            |       |       |     3 |     3 ||     6
         Scroll            |       |       |       |    14 ||    14
   Stab: Sleeping          |       |       |     1 |       ||     1
 Armour: Animal skin       |     1 |     1 |     7 |       ||     9
         Pearl dragon scal |       |       |    13 |    58 ||    71
  Dodge: Dodged            |     3 |     3 |    23 |    52 ||    81
